 Dungeon Crawl Stone Soup version 0.21.0-3-g78d12a8 (webtiles) character file.

16437776 MTVSty1e the Skullcrusher (level 27, 189/199 HPs)
             Began as a Gargoyle Fighter on Jan 8, 2018.
             Was the Champion of the Shining One.
             Escaped with the Orb
             ... and 15 runes on Jan 9, 2018!
             The game lasted 06:56:47 (95688 turns).

MTVSty1e the Skullcrusher (Gargoyle Fighter)       Turns: 95688, Time: 06:56:48

Health: 189/199    AC: 81    Str: 37    XL:     27
Magic:  9/12       EV: 28    Int: 16    God:    the Shining One [******]
Gold:   9138       SH: 55    Dex: 14    Spells: 22/26 levels left

rFire    + + +     SeeInvis +   E - +9 morningstar (antimagic)
rCold    + + +     Gourm    .   R - +1 large shield {rC+}
rNeg     + + +     Faith    .   z - +12 gold dragon scales
rPois    ∞         Spirit   .   H - +2 hat of the Thinker {*Corrode Str+3 Slay+2 SInv}
rElec    +         Reflect  +   b - +2 cloak {MR+}
rCorr    .         Harm     .   d - +3 pair of gauntlets of War {Slay+5}
MR       +++++                  Y - +2 pair of boots {run}
Stlth    ..........             k - brooch of Shielding {Reflect SH+8}
HPRegen  0.43/turn              J - ring of Diffif {rF+ MR++}
MPRegen  0.13/turn              M - ring "Xuddusk" {rC+ MR+ Dex+4}

@: mighty, brilliant, agile, divine shield, flying, glowing, quick
A: big wings, icy blue scales 1, iridescent scales 1, molten scales 1, clumsy 2,
fire resistance 1, low mp 1, negative energy resistance 1, electricity
resistance, weak 1, unbreathing, petrification resistance, rot immunity,
MP-powered wands, AC +20
0: Orb of Zot
}: 15/15 runes: decaying, serpentine, slimy, silver, golden, iron, obsidian,
icy, bone, abyssal, demonic, glowing, magical, fiery, dark
a: Stop Flying, Divine Shield, Cleansing Flame, Summon Divine Warrior, Renounce
Religion


You escaped.
You worshipped the Shining One.
The Shining One was exalted by your worship.
You were not hungry.

You visited 18 branches of the dungeon, and saw 90 of its levels.
You visited Pandemonium 1 time, and saw 21 of its levels.
You visited the Abyss 2 times.
You visited 1 ziggurat, and saw 19 of its levels.
You also visited: Ossuary, Ice Cave and Wizlab.

You collected 13818 gold pieces.
You spent 4680 gold pieces at shops.

Inventory:

Hand Weapons
 E - a +9 antimagic morningstar (weapon)
 O - a +9 morningstar of holy wrath
Armour
 b - a +2 cloak of magic resistance (worn)
 d - the +3 pair of gauntlets of War (worn) {Slay+5}
   (You bought it in a shop on level 9 of the Dungeon)

   It affects your accuracy and damage with ranged weapons and melee attacks
   (+5).
 m - a +1 large shield
 z - +12 gold dragon scales (worn)
 H - the +2 hat of the Thinker (worn) {*Corrode Str+3 Slay+2 SInv}
   (You found it on level 5 of the Vaults)

   It affects your strength (+3).
   It affects your accuracy and damage with ranged weapons and melee attacks
   (+2).
   It lets you see invisible.
   It may corrode you when you take damage.
 R - a +1 large shield of cold resistance (worn)
 V - a +5 shield of reflection
 Y - a +2 pair of boots of running (worn)
Jewellery
 c - the ring "Xilly" {+Blink Dex+6}
   (You found it on level 3 of the Tomb of the Ancients)

   [ring of dexterity]

   It affects your dexterity (+6).
   It lets you blink.
 i - a +4 ring of protection
 j - the ring "Fareah" {rF+ SInv}
   (You found it on level 5 of the Pits of Slime)

   [ring of protection from fire]

   It protects you from fire.
   It lets you see invisible.
 k - the brooch of Shielding (around neck) {Reflect SH+8}
   (You found it on level 5 of the Pits of Slime)

   [amulet of reflection]

   It shields you and reflects attacks.
   It affects your SH (+8).
 r - the ring "Eranieto" {Wiz +Inv rC+ Str-5}
   (You found it on level 3 of the Tomb of the Ancients)

   [ring of wizardry]

   It improves your spell success rate.
   It affects your strength (-5).
   It protects you from cold.
   It lets you turn invisible.
 I - an uncursed ring of resist corrosion
 J - the ring of Diffif (left hand) {rF+ MR++}
   (You found it on level 19 of a ziggurat)

   [ring of protection from fire]

   It protects you from fire.
   It affects your resistance to hostile enchantments.
 L - the ring "Tiqi Gyiw" {rPois rF+ rC+ Dex-4 SInv}
   (You found it on level 5 of the Vaults)

   [ring of protection from fire]

   It affects your dexterity (-4).
   It protects you from fire.
   It protects you from cold.
   It protects you from poison.
   It lets you see invisible.
 M - the ring "Xuddusk" (right hand) {rC+ MR+ Dex+4}
   (You bought it in a shop on level 9 of the Dungeon)

   [ring of protection from cold]

   It affects your dexterity (+4).
   It protects you from cold.
   It affects your resistance to hostile enchantments.
 W - a cursed ring of loudness {unknown}
Wands
 g - a wand of iceblast (25)
 p - a wand of digging (58)
 K - a wand of disintegration (23)
 P - a wand of scattershot (8)
 S - a wand of paralysis (80)
 T - a wand of flame (145)
 U - a wand of polymorph (42)
 Z - a wand of enslavement (9)
Scrolls
 a - 3 scrolls of fear
 e - 58 scrolls of remove curse
 n - 21 scrolls of teleportation
 x - 13 scrolls of identify
 y - 2 scrolls of silence
 A - 16 scrolls of amnesia
 C - 14 scrolls of enchant weapon
 D - 10 scrolls of blinking
 N - 3 scrolls of brand weapon
 Q - 4 scrolls of summoning
 X - 5 scrolls of holy word
Potions
 h - 2 potions of might
 l - a potion of cancellation
 o - 10 potions of brilliance
 q - 8 potions of agility
 s - a potion of magic
 t - 5 potions of ambrosia
 u - 8 potions of lignification
 v - 20 potions of curing
 w - 13 potions of mutation
 B - 2 potions of heal wounds
 F - 2 potions of berserk rage
 G - a potion of resistance
Comestibles
 f - 18 rations


   Skills:
 O Level 27 Fighting
 O Level 27 Maces & Flails
 O Level 27 Armour
 O Level 27 Dodging
 O Level 27 Shields
 + Level 26.8 Translocations
 O Level 27 Invocations
 - Level 1.0 Evocations


You had 22 spell levels left.
You knew the following spells:

 Your Spells              Type           Power        Failure   Level  Hunger
a - Passage of Golubria   Tloc           N/A          0%          4    #####..


Dungeon Overview and Level Annotations

Branches:
Dungeon (15/15)            Temple (1/1) D:5            Lair (6/6) D:11
  Swamp (4/4) Lair:3        Snake (4/4) Lair:2        Slime (5/5) Lair:5
    Orc (2/2) D:9             Elf (3/3) Orc:2        Vaults (5/5) D:14
  Crypt (3/3) Vaults:2       Tomb (3/3) Crypt:3      Depths (5/5) D:15
   Hell (1/1)                 Dis (7/7) Hell            Geh (7/7) Hell
    Coc (7/7) Hell            Tar (7/7) Hell            Zot (5/5) Depths:5

Altars:
Ashenzari
Cheibriados
Dithmenos
Elyvilon
Fedhas
Gozag
Hepliaklqana
Kikubaaqudgha
Makhleb
Nemelex Xobeh
Okawaru
Qazlal
Ru
Sif Muna
Trog
Uskayaw
Vehumet
Wu Jian
Xom
Yredelemnul
Zin
The Shining One
Jiyva

Shops:
D:7 (   D:9 :==?[   D:13 (   Orc:2 ([*=   Elf:2 (   Elf:3 [   Snake:3 !
Snake:4 [*%!   Vaults:1 !   Vaults:3 %   Vaults:4 (   Depths:2 %   Depths:4 *

Portals:
Hell: Depths:1 Depths:2 Depths:3 Depths:4 Depths:5
Abyss: Depths:1 Depths:2 Depths:4
Pandemonium: Depths:1 Depths:3

Annotations:
Lair:6 exclusion: 2 oklob plants
Elf:2 1 runed door
Depths:2 exclusion: orange crystal statue


Innate Abilities, Weirdness & Mutations

You are resistant to torment.
Your stone body is resilient. (AC +20)
You are immune to poison.
Your large and strong wings let you fly indefinitely.
You resist negative energy. (rN+)
You are resistant to electric shocks. (rElec)
You can survive without breathing.
You are immune to petrification.
You are immune to rotting.
You are partially covered in icy blue scales. (AC +2)
You are partially covered in iridescent scales. (AC +2)
You are partially covered in molten scales. (AC +2)
You are very clumsy. (Dex -4)
Your flesh is heat resistant. (rF+)
Your magical capacity is low. (-10% MP)
You are weak. (Str -2)
You expend magic power (3 MP) to strengthen your wands.


Message History

Okay, then.
Unknown command.
Evoke which item? (* to show all) (? for menu, Esc to quit)
Aiming: Dig
Press: ? - help, Shift-Dir - straight line The rock shatters into small pieces.
Evoke which item? (* to show all) (? for menu, Esc to quit)
Aiming: Dig
Press: ? - help, Shift-Dir - straight line The rock shatters into small pieces.
There is a staircase leading out of the dungeon here.
You feel very mighty all of a sudden.
You feel clever all of a sudden.
You feel agile all of a sudden. Magic courses through your body.
Okay, then.
Your shield is strengthened by the Shining One's divine power.
You feel slightly more hungry.
You can't go down here!
You have escaped!

#####
#.@.#
#...#
#...#
#...# #
#...# ##
#...#
.##
#...#
#.######
#...#
##.....#
#...#


There were no monsters in sight!

Vanquished Creatures
  Cerebov (Pan)
  Antaeus (Coc:7)
  Asmodeus (Geh:7)
  the Royal Jelly (Slime:5)
  Dissolution (Slime:3)
  Gloorx Vloq (Pan)
  A seraph (Pan)
  Mnoleg (Pan)
  Ereshkigal (Tar:7)
  the Serpent of Hell (Geh:7)
  Lom Lobon (Pan)
  Dispater (Dis:7)
  The ghost of Uhlv the Heavyweight Champion, a legendary TrFi of the Shining One (Pan)
  8 orbs of fire (Zot:5)
  Mara (Tomb:2)
  Mennas (Pan)
  11 ancient liches
  31 greater mummies
  A juggernaut (Depths:4)
  Sojobo (Vaults:3)
  The ghost of Thaneod the Conqueror, a legendary GrAE of Trog (Zot:5)
  5 shard shrikes
  the Lernaean hydra (Swamp:3)
  Margery (Vaults:4)
  Saint Roka (Snake:3)
  2 caustic shrikes (Zig:17)
  2 Killer Klowns (Zot:5)
  A curse toe (Zot:3)
  Geryon (Hell)
  6 golden dragons
  The ghost of Iwannabefree the Warrior, an adept NaSk of Xom (Elf:3)
  25 bone dragons
  A mutant beast (WizLab)
  61 Tzitzimimeh
  7 hellephants
  18 Brimstone Fiends
  10 iron giants
  An electric golem (Zot:5)
  13 doom hounds
  11 tentacled monstrosities
  26 Ice Fiends
  16 Hell Sentinels
  10 deep elf blademasters
  22 titans
  24 Orb Guardians
  Murray (Hell)
  9 liches
  23 acid blobs
  8 quicksilver dragons
  28 Executioners
  15 ancient champions
  4 death cobs
  4 deep elf master archers
  4 eldritch tentacles
  7 pandemonium lords
  18 tentacled starspawn
  8 sphinxes
  3 draconian monks
  6 tengu reavers
  26 shadow dragons
  10 storm dragons
  3 thorn hunters
  25 azure jellies
  4 blood saints (Pan)
  12 daevas (Pan)
  23 nagarajas
  19 vault wardens
  5 draconian knights
  24 frost giants
  8 revenants
  8 corrupters
  19 iron dragons
  25 fire giants
  7 deep elf sorcerers
  2 caustic shrike zombies
  33 balrugs
  5 ghost moths
  2 draconian shifters
  15 cacodemons
  2 juggernaut zombies
  3 orc warlords
  12 angels (Pan)
  7 deep elf elementalists
  18 ironheart preservers
  100 reapers
  7 ghouls
  An emperor scorpion (Zig:7)
  8 entropy weavers
  Aizul (Swamp:2)
  7 curse skulls
  3 draconian stormcallers
  A caustic shrike skeleton (Crypt:3)
  15 ophanim (Pan)
  6 draconian annihilators
  33 very ugly things
  17 war gargoyles
  9 apis (Pan)
  2 elemental wellsprings
  26 stone giants
  8 deep elf demonologists
  Nessos (Lair:6)
  16 vampire knights
  4 purple draconians
  6 red draconians
  15 deep elf annihilators
  6 black suns
  6 black draconians
  8 green draconians
  11 dire elephants
  12 bennus
  7 yellow draconians
  13 lorocyprocas
  12 spark wasps
  A spark wasp (shapeshifter) (Depths:4)
  7 white draconians
  7 eidola
  3 merfolk javelineers (Zig:14)
  Snorg (Lair:3)
  30 blizzard demons
  8 deep elf death magi
  6 fire dragons
  16 green deaths
  17 ettins
  A crystal guardian (Vaults:4)
  18 death oozes
  26 mummy priests
  Fannar (D:11)
  15 jiangshi
  12 great orbs of eyes
  7 quicksilver dragon zombies
  5 quicksilver dragon skeletons
  26 ice dragons
  12 deep elf high priests
  4 hell beasts
  18 yaktaur captains
  9 rakshasas
  6 kraken zombies
  17 naga warriors
  32 vault guards
  3 monstrous demonspawn (Pan)
  20 hydras
  2 spriggan air magi
  A merfolk avatar (Lair:6)
  2 spectral fire giants (Crypt:3)
  4 ghost crabs
  13 centaur warriors
  14 anacondas
  4 catoblepae
  2 two-headed ogres (shapeshifter)
  10 death knights
  14 ogre magi
  12 deep troll shamans
  35 death scarabs
  2 alligator snapping turtles (Zig:14)
  10 death yaks
  11 vampire magi
  38 two-headed ogres
  6 alligators
  9 deep troll earth magi
  33 dancing weapons
  The ghost of sagitran the Cudgeler, a novice DrIE of Nemelex Xobeh (D:9)
  10 thrashing horrors
  29 hell hogs
  A tengu warrior (Depths:3)
  14 naga sharpshooters
  A spectral storm dragon (Crypt:3)
  2 orc high priests (Orc:2)
  8 shock serpents
  4 spriggan berserkers
  7 iron golems
  40 soul eaters
  16 titan zombies
  26 deep elf knights
  3 storm dragon zombies
  13 wretched stars
  38 sun demons
  10 salamander mystics
  8 titan skeletons
  7 spatial maelstroms
  35 shadow wraiths
  5 iron trolls
  14 cherubim (Pan)
  2 ghost moth zombies
  201 skeletal warriors
  A fire crab (shapeshifter) (WizLab)
  7 storm dragon skeletons
  2 obsidian statues (Depths:1)
  A spark wasp zombie (Zig:13)
  A sea snake (Snake:1)
  A death drake (shapeshifter) (WizLab)
  9 gelid demonspawn (Pan)
  8 golden dragon zombies
  16 anaconda zombies
  87 starcursed masses
  25 sixfirhies
  69 hell knights
  34 shadow demons
  3 death drakes
  2 torturous demonspawn (Pan)
  An entropy weaver zombie (Crypt:3)
  19 flayed ghosts
  49 deep trolls
  2 kraken simulacra (Coc:7)
  6 unseen horrors (shapeshifter)
  16 unseen horrors
  A deep troll (shapeshifter) (Vaults:5)
  6 naga ritualists
  6 shambling mangroves
  19 deep elf archers
  3 infernal demonspawn (Pan)
  5 spriggan druids
  3 golden dragon skeletons
  6 wizards
  5 glowing orange brains
  52 phantasmal warriors
  13 mana vipers
  14 orc knights
  An orb spider (shapeshifter) (Depths:3)
  22 ironbrand convokers
  17 swamp dragons
  A harpy (Zig:16)
  An orange crystal statue (Zig:4)
  6 shadow dragon zombies
  11 stone giant zombies
  8 wolf spider zombies
  6 iron dragon zombies
  23 necromancers
  4 orc sorcerers
  9 wolf spiders
  2 shining eyes
  7 frost giant zombies
  77 deep elf magi
  9 fire giant zombies
  A spectral alligator (Crypt:3)
  68 ugly things
  5 oklob plants
  5 cyclopes
  2 sphinx skeletons
  2 orb spiders
  9 anaconda skeletons
  A wolf spider (shapeshifter) (Abyss:5)
  2 manticores
  4 elephants
  3 spectral ice dragons (Crypt:3)
  7 fire giant skeletons
  11 moths of wrath
  8 shadow dragon skeletons
  66 large abominations
  2 salamanders (shapeshifter)
  5 worldbinders
  15 guardian serpents
  8 stone giant skeletons
  23 salamanders
  74 rust devils
  9 titan simulacra (Coc:7)
  A cyclops (shapeshifter) (Vaults:5)
  12 dire elephant zombies
  The ghost of zkyp the Cleaver, a novice HOWr of Beogh (D:5)
  7 frost giant skeletons
  3 apocalypse crabs
  Psyche (D:10)
  19 naga magi
  3 shock serpent zombies
  A guardian serpent (shapeshifter) (WizLab)
  4 eyes of devastation
  A spriggan zombie (Zig:15)
  3 torpor snails
  2 shock serpent skeletons
  30 black mambas
  31 smoke demons
  29 spiny frogs
  An iron dragon skeleton (Tomb:1)
  14 vault sentinels
  13 molten gargoyles
  3 storm dragon simulacra
  3 gargoyles
  19 orange demons
  A catoblepas zombie (Crypt:1)
  6 ice statues
  7 rime drakes
  6 emperor scorpion zombies
  30 hellions
  23 hellwings
  3 dire elephant skeletons
  62 freezing wraiths
  A yaktaur (shapeshifter) (WizLab)
  33 yaktaurs
  An alligator snapping turtle skeleton (Crypt:2)
  2 elves (WizLab)
  A spiny frog (shapeshifter) (WizLab)
  4 demonic crawlers
  12 efreet
  52 ice devils
  71 tormentors
  5 kobold demonologists
  A rime drake (shapeshifter) (Depths:1)
  14 komodo dragons
  3 komodo dragons (shapeshifter) (WizLab)
  5 anaconda simulacra (Coc:7)
  A catoblepas skeleton (Geh:6)
  A tengu conjurer (Depths:2)
  2 trolls (shapeshifter)
  10 ancient zymes
  2 meliai (shapeshifter)
  4 harpy zombies
  4 polar bears
  A yellow draconian skeleton (Crypt:1)
  43 red devils
  2 silent spectres (Tar:5)
  A merfolk (shapeshifter) (Depths:2)
  A hornet (shapeshifter) (Vaults:3)
  5 tyrant leeches
  33 guardian mummies
  16 hydra zombies
  27 hornets
  3 meliai (D:15)
  4 trolls
  2 jumping spiders (shapeshifter) (WizLab)
  A wolf spider simulacrum (Crypt:1)
  84 slime creatures
  4 jumping spiders
  A wind drake (Lair:6)
  21 bog bodies
  3 harpy skeletons
  9 raiju
  7 alligator zombies
  Prince Ribbit (D:5)
  11 hydra skeletons
  4 ice dragon zombies
  A hippogriff (shapeshifter) (WizLab)
  6 dream sheep
  24 blink frogs
  2 blink frogs (shapeshifter)
  9 ettin zombies
  13 hippogriffs
  2 raiju (shapeshifter)
  148 flying skulls
  2 stone giant simulacra (Crypt:1)
  4 fire dragon zombies
  A centaur simulacrum (D:15)
  7 water elementals
  3 alligator skeletons
  5 ice dragon skeletons
  61 shadows
  3 tarantellas
  6 black mamba zombies
  2 spriggans (shapeshifter) (WizLab)
  17 ushabtiu
  9 air elementals
  7 fire dragon skeletons
  12 ettin skeletons
  11 spriggans
  3 hogs (shapeshifter)
  3 hogs (D:7)
  6 wyverns
  14 fire elementals
  8 redbacks
  Sigmund (D:3)
  47 wraiths
  22 ynoxinuls
  21 humans
  A black mamba skeleton (Tar:1)
  12 golden eyes
  47 yaks
  10 hungry ghosts
  2 vampires
  A fire bat (shapeshifter) (WizLab)
  2 fire bats
  2 basilisks
  A basilisk (shapeshifter) (WizLab)
  A human (shapeshifter) (Zig:16)
  Grum (D:8)
  13 chaos spawn
  19 vampire mosquitoes
  27 neqoxecs
  Menkaure (D:5)
  2 merfolk zombies
  Edmund (D:5)
  3 soldier ants (shapeshifter)
  4 insubstantial wisps
  4 wargs
  An acid dragon (D:15)
  73 nagas
  5 spatial vortices
  16 swamp worms
  6 spiny frog zombies
  9 hydra simulacra
  21 water moccasins
  85 hell hounds
  An ettin simulacrum (Coc:6)
  4 floating eyes (WizLab)
  2 floating eyes (shapeshifter)
  48 orc warriors
  A monstrous demonspawn skeleton (Crypt:1)
  A water nymph skeleton (Crypt:1)
  4 porcupines
  5 manticore zombies
  5 snapping turtle zombies
  8 swamp drakes
  An eye of draining (shapeshifter) (WizLab)
  2 black bears (D:11)
  A merfolk skeleton (Coc:3)
  4 spiny frog skeletons
  7 ice beasts
  11 phantoms
  48 necrophages
  6 sky beasts
  31 ogres
  4 snapping turtle skeletons
  25 wolves
  2 swamp dragon zombies
  3 black bears (shapeshifter)
  18 boggarts
  5 eyes of draining
  A manticore skeleton (Coc:4)
  2 swamp dragon skeletons (Tar:1)
  15 centaurs
  15 crocodiles
  A crocodile (shapeshifter) (WizLab)
  8 elf zombies
  6 big kobolds
  25 bullfrogs
  A salamander zombie (Crypt:1)
  36 small abominations
  A cyclops zombie (Crypt:2)
  A gnoll sergeant (D:8)
  2 hornet simulacra (Vaults:1)
  5 water moccasin zombies (Ossuary)
  A yak zombie (Crypt:3)
  110 wights
  4 killer bees (D:10)
  A snapping turtle simulacrum (Hell)
  12 howler monkeys
  A troll skeleton (Pan)
  2 spriggan skeletons
  5 electric eels
  9 crimson imps
  A lava snake (Lair:3)
  3 quasits
  3 bullfrog skeletons
  2 centaur zombies
  4 hounds
  3 human zombies
  20 orc priests
  2 demonspawn skeletons (Crypt:3)
  2 jellies
  5 centaur skeletons
  43 iron imps
  7 iguanas
  5 worker ants
  Terence (D:2)
  24 orc wizards
  7 hell rats (Hell)
  A lightning spire (Zig:9)
  An ogre zombie (Hell)
  2 big kobold zombies (Ossuary)
  A naga zombie (Tar:3)
  4 tengu zombies
  A felid skeleton (Crypt:1)
  A deep dwarf skeleton (Crypt:1)
  A naga skeleton (Crypt:1)
  2 hound zombies
  3 hound skeletons
  59 mummies
  A howler monkey zombie (D:7)
  8 gnolls
  A howler monkey skeleton (D:4)
  12 adders
  A gnoll (shapeshifter) (Elf:2)
  29 shadow imps
  16 white imps
  13 ufetubi
  3 oozes
  7 adder zombies
  An adder skeleton (D:8)
  A halfling skeleton (Crypt:1)
  6 worms
  A barachi skeleton (Crypt:3)
  3 dart slugs
  3 leopard geckos (D:2)
  82 orcs
  8 bats
  8 giant cockroaches
  A gnoll zombie (Ossuary)
  A goblin (D:1)
  6 hobgoblins
  4 jackals
  A quokka (D:5)
  2 ball pythons
  4 frilled lizards
  A goblin zombie (D:4)
  3 hobgoblin zombies (Ossuary)
  19 kobolds
  3 kobold zombies
  A leopard gecko skeleton (D:7)
  A leopard gecko zombie (D:5)
  8 orc zombies
  2 rats
  7 briar patches
  6 fire vortices
  A fungus (Orc:2)
  3 plants (Depths:2)
  29 starspawn tentacles
  12 tentacles
5961 creatures vanquished.

Vanquished Creatures (collateral kills)
  A tengu reaver (Depths:2)
  A fire giant (Depths:2)
  A frost giant (Depths:2)
  A very ugly thing (Depths:2)
  A stone giant (Depths:2)
  A fire dragon (Depths:2)
  A rakshasa (Depths:2)
  A great orb of eyes (Depths:2)
  A spriggan air mage (Depths:2)
  4 two-headed ogres (Depths:2)
  An ugly thing (Depths:2)
  A yaktaur (Depths:2)
  A guardian mummy (Tomb:2)
  A harpy skeleton (Tomb:2)
  2 flying skulls (Tomb:2)
  A fire dragon skeleton (Tomb:2)
  2 air elementals (Depths:2)
  2 ushabtiu (Tomb:2)
  2 ogres (Depths:2)
  A centaur (Depths:2)
  A mummy (Tomb:2)
28 creatures vanquished.

Vanquished Creatures (others)
  A deep elf blademaster (Depths:3)
  3 deep elf master archers
  An eldritch tentacle (Geh:7)
  A frost giant (Vaults:5)
  A blood saint (Pan)
  A stone giant (Depths:3)
  A deep elf annihilator (Depths:4)
  A red draconian (Depths:2)
  A blizzard demon (Hell)
  2 yaktaur captains
  A hydra (Swamp:4)
  A dancing weapon (Elf:1)
  3 centaur warriors
  2 hell hogs (Abyss:5)
  A naga sharpshooter (Snake:4)
  A thrashing horror (Zig:10)
  2 deep elf knights (Elf:2)
  A shadow wraith (Depths:3)
  2 spatial maelstroms
  An anaconda zombie (Tomb:3)
  5 deep elf archers
  An ugly thing (Vaults:3)
  A deep elf mage (Zig:9)
  A cyclops (Vaults:1)
  A salamander (Depths:5)
  A moth of wrath (Zot:5)
  8 yaktaurs
  An ice devil (Dis:4)
  2 slime creatures (Swamp:4)
  5 flying skulls
  A shadow (Depths:3)
  A yak (Zig:17)
  A large abomination (Abyss:3)
  A spatial vortex (Abyss:5)
  A harpy simulacrum (Tomb:3)
  A water moccasin (Zig:17)
  2 swamp drakes (Swamp:4)
  An orc warrior (Vaults:5)
  2 necrophages
  A boggart (Depths:3)
  8 centaurs
  A wight (Dis:2)
  3 iron imps
  An iguana (D:4)
  3 mummies
  A white imp (IceCv)
  An ufetubus (IceCv)
  7 ball lightnings (Pan)
  An orc (Orc:1)
  A briar patch (Swamp:4)
  10 fungi
  2 lurking horrors
  11 plants
  46 starspawn tentacles
  20 tentacles
  2 withered plants (D:8)
184 creatures vanquished.

Grand Total: 6173 creatures vanquished

Notes
Turn   | Place    | Note
-------+----------+-------------------------------------------
     0 | D:1      | MTVSty1e the Gargoyle Fighter began the quest for the Orb.
     0 | D:1      | Reached XP level 1. HP: 14/14 MP: 1/1
    82 | D:1      | Reached XP level 2. HP: 11/19 MP: 2/2
  1010 | D:1      | Found a glowing golden altar of the Shining One.
  1107 | D:2      | Found a faded altar of an unknown god.
  1124 | D:2      | Reached XP level 3. HP: 17/23 MP: 3/3
  1412 | D:2      | Noticed Terence
  1441 | D:2      | Killed Terence
  1441 | D:2      | Reached XP level 4. HP: 25/28 MP: 4/4
  1463 | D:2      | Gained mutation: Your natural rate of healing is unusually fast. [potion of mutation]
  1463 | D:2      | Gained mutation: Your large and strong wings let you fly indefinitely. [potion of mutation]
  1463 | D:2      | Gained mutation: You are robust. (+10% HP) [potion of mutation]
  2017 | D:3      | Reached skill level 5 in Maces & Flails
  2035 | D:3      | Reached XP level 5. HP: 35/35 MP: 5/5
  2152 | D:3      | Noticed Sigmund
  2163 | D:3      | Killed Sigmund
  2163 | D:3      | Reached XP level 6. HP: 40/40 MP: 6/6
  2559 | D:4      | Found a deep blue altar of Sif Muna.
  2761 | D:4      | Reached XP level 7. HP: 45/45 MP: 7/7
  2950 | D:4      | Found a sand-covered staircase.
  2959 | Ossuary  | Entered an ossuary
  3092 | Ossuary  | Reached XP level 8. HP: 49/50 MP: 8/8
  3698 | D:5      | Entered Level 5 of the Dungeon
  3699 | D:5      | Noticed Prince Ribbit
  3813 | D:5      | Killed Prince Ribbit
  3813 | D:5      | Reached skill level 10 in Maces & Flails
  3860 | D:5      | Noticed Menkaure
  3869 | D:5      | Killed Menkaure
  4131 | D:5      | Found a staircase to the Ecumenical Temple.
  4140 | Temple   | Entered the Ecumenical Temple
  4307 | D:5      | Found a burning altar of Makhleb.
  4353 | D:5      | Noticed Edmund
  4359 | D:5      | Noticed zkyp's ghost (novice HOWr)
  4380 | D:5      | Killed Edmund
  4380 | D:5      | Reached XP level 9. HP: 56/56 MP: 9/9
  4407 | D:5      | Killed zkyp's ghost
  4784 | D:5      | Found a bloodstained altar of Trog.
  4839 | D:6      | Found a hide-covered altar of Uskayaw.
  4839 | D:6      | Noticed a hand axe
  4839 | D:6      | Noticed a hand axe
  4909 | D:5      | You fall through a shaft for 3 floors!
  4999 | D:8      | Noticed Grum
  5023 | D:8      | Killed Grum
  5473 | D:7      | Reached XP level 10. HP: 21/61 MP: 10/10
  6069 | D:7      | Found Ikhiurack's Weapon Emporium.
  6077 | D:7      | Bought a +5 mace of protection for 336 gold pieces
  6861 | D:6      | Found an ornate altar of the Wu Jian Council.
  6861 | D:6      | Found a radiant altar of Vehumet.
  6896 | D:6      | Got a faintly glowing plate armour
  6897 | D:6      | Identified the cursed +1 plate armour of the Guilds {Dex+4 Slay+5} (You found it on level 6 of the Dungeon)
  7032 | D:8      | Reached skill level 15 in Maces & Flails
  7128 | D:8      | Noticed a two-headed ogre
  7135 | D:8      | Killed a two-headed ogre
  7135 | D:8      | Reached skill level 1 in Evocations
  7257 | D:8      | Noticed a two-headed ogre
  7263 | D:8      | Killed a two-headed ogre
  7263 | D:8      | Reached XP level 11. HP: 59/67 MP: 3/11
  7664 | D:9      | Found Ycle's Jewellery Shop.
  7665 | D:9      | Found Ighoreatt's Jewellery Shoppe.
  7904 | D:9      | Found a staircase to the Orcish Mines.
  7940 | D:9      | Found Toruzopp's Book Shop.
  7976 | D:9      | Found a blossoming altar of Fedhas.
  7976 | D:9      | Found an iron altar of Okawaru.
  7976 | D:9      | Found a basalt altar of Yredelemnul.
  7976 | D:9      | Found a hazy altar of Hepliaklqana.
  7986 | D:9      | Found a shattered altar of Ashenzari.
  7986 | D:9      | Found a shimmering altar of Xom.
  7986 | D:9      | Found a stormy altar of Qazlal.
  7987 | D:9      | Found an ancient bone altar of Kikubaaqudgha.
  8032 | D:9      | Found Goequzur's Magic Scroll Shop.
  8033 | D:9      | Noticed sagitran's ghost (novice DrIE)
  8047 | D:9      | Killed sagitran's ghost
  8405 | D:9      | Found Puvoam's Armour Shoppe.
  8464 | D:10     | Entered Level 10 of the Dungeon
  8499 | D:10     | Noticed Psyche
  8508 | D:10     | Killed Psyche
  8508 | D:10     | Reached skill level 5 in Armour
  8508 | D:10     | Reached skill level 5 in Shields
  8511 | D:10     | Reached skill level 5 in Fighting
  8571 | D:9      | Became a worshipper of Warmaster Okawaru
  8634 | D:10     | Noticed a two-headed ogre
  8641 | D:10     | Killed a two-headed ogre
  8703 | D:10     | Found a sacrificial altar of Ru.
  8746 | D:10     | Reached * piety under Okawaru
  8868 | D:10     | Got a coiled iron ring
  8870 | D:10     | Identified the ring "Inabot" {Wiz Int+3} (You found it on level 10 of the Dungeon)
  8992 | D:10     | Noticed a green ugly thing
  9008 | D:10     | Killed a green ugly thing
  9230 | D:11     | Found a frozen archway.
  9243 | D:11     | Reached ** piety under Okawaru
  9260 | D:11     | Killed an unseen horror
  9347 | D:11     | Noticed Fannar
  9360 | D:11     | Killed Fannar
  9360 | D:11     | Reached XP level 12. HP: 62/77 MP: 1/12
  9393 | IceCv    | Entered an ice cave
  9724 | IceCv    | Reached *** piety under Okawaru
  9742 | IceCv    | Reached skill level 1 in Invocations
  9914 | IceCv    | Noticed a reaper
  9930 | IceCv    | Killed a reaper
  9930 | IceCv    | Reached **** piety under Okawaru
 10413 | D:11     | Found a staircase to the Lair.
 10564 | D:11     | Noticed a two-headed ogre
 10571 | D:11     | Killed a two-headed ogre
 10666 | D:11     | Reached ***** piety under Okawaru
 10705 | D:11     | Noticed a four-headed hydra
 10716 | D:11     | Killed a four-headed hydra
 11058 | Lair:1   | Entered Level 1 of the Lair of Beasts
 11193 | Lair:1   | Reached XP level 13. HP: 79/86 MP: 5/15
 12178 | Lair:2   | Received a gift from Okawaru
 12593 | Lair:2   | Identified a scroll of acquirement
 12673 | Lair:2   | Found a staircase to the Snake Pit.
 13043 | Lair:3   | Reached skill level 5 in Invocations
 13046 | Lair:3   | Received a gift from Okawaru
 13217 | Lair:3   | Found a staircase to the Swamp.
 13243 | Lair:3   | Reached skill level 10 in Fighting
 13464 | Lair:3   | Noticed Snorg
 13489 | Lair:3   | Killed Snorg
 13514 | Lair:3   | Mutation became permanent: Your large and strong wings let you fly indefinitely. [Gargoyle growth]
 13514 | Lair:3   | Gained mutation: Your large and strong wings let you fly indefinitely. [Gargoyle growth]
 13514 | Lair:3   | Reached XP level 14. HP: 54/96 MP: 6/18
 14493 | Lair:4   | Reached ****** piety under Okawaru
 14499 | Lair:4   | Received a gift from Okawaru
 15312 | Lair:5   | Found a staircase to the Slime Pits.
 15312 | Lair:5   | Found a viscous altar of Jiyva.
 15483 | Lair:5   | Got an ancient morningstar
 15484 | Lair:5   | Identified the +5 morningstar of Xeuth {drain, +Blink rPois SInv} (You found it on level 5 of the Lair of Beasts)
 15657 | Lair:6   | Entered Level 6 of the Lair of Beasts
 15818 | Lair:6   | Received a gift from Okawaru
 16139 | Lair:6   | Noticed Nessos
 16145 | Lair:6   | Killed Nessos
 16429 | Lair:6   | Reached XP level 15. HP: 105/105 MP: 20/20
 17364 | D:12     | Reached skill level 10 in Armour
 17440 | D:9      | Bought the +3 pair of gauntlets of War {Slay+5} for 665 gold pieces
 17440 | D:9      | Found the +3 pair of gauntlets of War {Slay+5}
 18164 | D:13     | Reached skill level 10 in Shields
 18224 | D:13     | Received a gift from Okawaru
 18368 | D:13     | Found Oqy Do Imi's Weapon Boutique.
 19235 | D:14     | Found a gate to the Vaults.
 19399 | D:14     | Received a gift from Okawaru
 19403 | D:14     | Got an ichor-stained flail {god gift}
 19416 | D:14     | Identified the +5 flail of Ceyneigu {vamp, Dex+2} (Okawaru gifted it to you on level 14 of the Dungeon)
 19993 | D:15     | Entered Level 15 of the Dungeon
 20051 | D:15     | Found a staircase to the Depths.
 20529 | D:9      | Bought the ring "Xuddusk" {rC+ MR+ Dex+4} for 690 gold pieces
 20741 | D:15     | Reached XP level 16. HP: 115/115 MP: 22/22
 20756 | D:15     | Found an opulent altar of Gozag.
 21203 | Orc:1    | Entered Level 1 of the Orcish Mines
 21552 | Orc:2    | Entered Level 2 of the Orcish Mines
 21663 | Orc:1    | Received a gift from Okawaru
 21891 | Orc:2    | Found Jill's Antique Armour Shop.
 21992 | Orc:2    | Received a gift from Okawaru
 22134 | Orc:2    | Found a staircase to the Elven Halls.
 22225 | Orc:2    | Found Dyopamimuo's Antique Weapon Emporium.
 22398 | Orc:2    | Found Corphyre's General Store.
 22465 | Orc:2    | Found Leatin's Jewellery Boutique.
 22940 | Snake:1  | Entered Level 1 of the Snake Pit
 23189 | Orc:2    | Bought a transparent cloak for 228 gold pieces
 23199 | Orc:2    | Identified the cursed -4 cloak of the Untouchables {+Inv Int+6} (You bought it in a shop on level 2 of the Orcish Mines)
 24213 | Snake:1  | Reached skill level 10 in Invocations
 24412 | Snake:2  | Received a gift from Okawaru
 24509 | Snake:2  | Reached XP level 17. HP: 116/123 MP: 21/24
 25230 | Snake:2  | Reached skill level 15 in Fighting
 25328 | Snake:3  | Noticed Saint Roka
 25334 | Snake:3  | Received a gift from Okawaru
 25542 | Snake:3  | Killed Saint Roka
 25715 | Snake:3  | Found Colupaw's Distillery.
 25756 | Snake:3  | Bought a potion of resistance for 140 gold pieces
 25756 | Snake:3  | Bought a potion of haste for 140 gold pieces
 25756 | Snake:3  | Bought a potion of haste for 140 gold pieces
 25756 | Snake:3  | Bought a potion of heal wounds for 70 gold pieces
 25767 | Snake:3  | Learned a level 4 spell: Passage of Golubria
 25846 | Snake:3  | Received a gift from Okawaru
 26068 | Snake:3  | Reached skill level 1 in Translocations
 26732 | Snake:4  | Entered Level 4 of the Snake Pit
 27051 | Snake:4  | Received a gift from Okawaru
 27120 | Snake:4  | Reached XP level 18. HP: 130/130 MP: 26/26
 27214 | Snake:4  | Received a gift from Okawaru
 27266 | Snake:4  | Got an iridescent dire flail {god gift}
 27313 | Snake:4  | Identified the +6 dire flail of Infection {freeze, rPois rF++ rN+++ Int-2} (Okawaru gifted it to you on level 4 of the Snake Pit)
 27511 | Snake:4  | Got a serpentine rune of Zot
 27733 | Snake:4  | Received a gift from Okawaru
 27744 | Snake:4  | Got a steaming plate armour {god gift}
 27745 | Snake:4  | Identified the +0 plate armour "Ygekaul" {rElec rC- rN+ Int+8} (Okawaru gifted it to you on level 4 of the Snake Pit)
 27947 | Snake:4  | Found Modo's Distillery.
 27947 | Snake:4  | Found Wacked's Armour Emporium.
 27949 | Snake:4  | Found Hurghuigh's Food Shoppe.
 27954 | Snake:4  | Found Qyaps's General Store.
 28004 | Snake:4  | Bought 2 potions of heal wounds for 190 gold pieces
 28358 | Swamp:1  | Entered Level 1 of the Swamp
 29043 | Swamp:2  | Reached skill level 1 in Dodging
 29118 | Swamp:2  | Noticed Aizul
 29130 | Swamp:2  | Killed Aizul
 29172 | Swamp:2  | Reached XP level 19. HP: 132/137 MP: 28/28
 29656 | Swamp:3  | Received a gift from Okawaru
 30196 | Swamp:4  | Entered Level 4 of the Swamp
 30595 | Swamp:4  | Noticed the 27-headed Lernaean hydra
 30697 | Swamp:4  | Received a gift from Okawaru
 30726 | Swamp:4  | Identified the +2 helmet of Buewk {rF- rC+ SInv} (You found it on level 4 of the Swamp)
 30854 | Swamp:3  | Killed the 27-headed Lernaean hydra
 31156 | Swamp:4  | Got a decaying rune of Zot
 31730 | Elf:1    | Entered Level 1 of the Elven Halls
 31908 | Elf:1    | Received a gift from Okawaru
 31994 | Elf:1    | Received a gift from Okawaru
 31997 | Elf:1    | Got an amber-encrusted plate armour {god gift}
 31998 | Elf:1    | Identified the +5 plate armour of the Gate {Str+3 Int-2 Slay+4} (Okawaru gifted it to you on level 1 of the Elven Halls)
 32435 | Elf:2    | Reached XP level 20. HP: 125/145 MP: 29/29
 32561 | Elf:2    | Found Filaur's Weapon Shop.
 32830 | Elf:2    | Found a runed door.
 32863 | Elf:2    | Found a runed door.
 33408 | Elf:3    | Entered Level 3 of the Elven Halls
 33430 | Elf:3    | Found Nuuxiz's Armour Emporium.
 33459 | Elf:3    | Found a magical portal.
 33464 | WizLab   | Entered Cigotuvi's Fleshworks
 33498 | WizLab   | Received a gift from Okawaru
 33635 | WizLab   | Paralysed by a floating eye for 2 turns
 33651 | WizLab   | Paralysed by a floating eye for 3 turns
 33678 | WizLab   | Got a scintillating pewter ring
 33680 | WizLab   | Identified the ring of Xom's Recklessness {Str+4 Stlth+} (You found it in a wizard's laboratory)
 33689 | WizLab   | Paralysed by a floating eye for 2 turns
 33698 | WizLab   | Paralysed by a floating eye for 3 turns
 33957 | WizLab   | Reached skill level 5 in Dodging
 34129 | WizLab   | HP: 6/220 [Cigotuvi's Monster (17)]
 34429 | WizLab   | Identified the Volume of Moulding
 34432 | WizLab   | Identified Cigotuvi's Papyrus of Ghastly Transformation
 34762 | WizLab   | Got a blackened crystal plate armour {god gift}
 34842 | WizLab   | Gained mutation: Your body sometimes deteriorates upon taking damage. [mutagenic glow]
 34897 | WizLab   | Gained mutation: You are clumsy. (Dex -2) [mutagenic glow]
 34944 | Elf:3    | Gained mutation: Your magical capacity is low. (-10% MP) [mutagenic glow]
 35229 | Elf:3    | Identified the +1 crystal plate armour "Geokhum" {rElec rF- Str+9 Stlth+} (Okawaru gifted it to you in a wizard's laboratory)
 35251 | Elf:3    | Received a gift from Okawaru
 35255 | Elf:3    | Identified a +1 pair of boots of running (Okawaru gifted it to you on level 3 of the Elven Halls)
 35362 | Elf:3    | Noticed Iwannabefree's ghost (adept NaSk)
 35415 | Elf:3    | Killed Iwannabefree's ghost
 35415 | Elf:3    | Reached XP level 21. HP: 149/154 MP: 28/28
 36056 | Elf:3    | Reached skill level 15 in Shields
 36117 | Elf:3    | Reached skill level 15 in Armour
 36413 | Elf:3    | Got a jewelled mace {drain}
 36414 | Elf:3    | Identified the +8 mace "MTVSty1e's Bane" {drain, rN+ MP+9 Dex+3} (You took it off a deep elf death mage on level 3 of the Elven Halls)
 36421 | Elf:3    | Found the +0 Maxwell's etheric cage {RegenMP+ *Contam rElec MP+4}
 36434 | Elf:3    | Identified the Volume of Heat
 36764 | Elf:3    | Identified Kotsicwa's Advanced Guide to Thaumaturgy
 37331 | Lair:1   | Identified the amulet "Xuliwk" {Spirit Str+3 Int-4 Dex+2} (You found it on level 1 of the Lair of Beasts)
 37436 | Slime:1  | Entered Level 1 of the Pits of Slime
 37438 | Slime:1  | Received a gift from Okawaru
 37561 | Slime:2  | Lost mutation: You are clumsy. (Dex -2) [potion of mutation]
 37561 | Slime:2  | Lost mutation: Your body sometimes deteriorates upon taking damage. [potion of mutation]
 37561 | Slime:2  | Gained mutation: Your mind is acute. (Int +2) [potion of mutation]
 37561 | Slime:2  | Gained mutation: You are partially covered in thin metallic scales. (AC +2) [potion of mutation]
 37843 | Slime:3  | Noticed Dissolution
 37848 | Slime:3  | Killed Dissolution
 38179 | Slime:3  | Reached XP level 22. HP: 162/162 MP: 29/29
 38468 | Slime:5  | Entered Level 5 of the Pits of Slime
 38508 | Slime:5  | Noticed the Royal Jelly
 38853 | Slime:3  | Received a gift from Okawaru
 38856 | Slime:3  | Got distressingly furry swamp dragon scales {god gift}
 39945 | Slime:5  | Killed the Royal Jelly
 40523 | Slime:5  | Found the brooch of Shielding {Reflect SH+8}
 40525 | Slime:5  | Got a clouded bone ring
 40558 | Slime:5  | Got a slimy rune of Zot
 40571 | Slime:5  | Found the +7 great mace "Undeadhunter" {disrupt, rN+}
 40589 | Slime:5  | Got a steaming platinum amulet
 40638 | Slime:5  | Got a shimmering whip
 40667 | Slime:5  | Identified the amulet "Xelabyl" {Inacc rC+ Stlth+} (You found it on level 5 of the Pits of Slime)
 40669 | Slime:5  | Identified the ring "Fareah" {rF+ SInv} (You found it on level 5 of the Pits of Slime)
 41292 | D:9      | Bought a scroll of acquirement for 728 gold pieces
 41292 | D:9      | Bought a scroll of identify for 28 gold pieces
 41292 | D:9      | Bought a scroll of identify for 28 gold pieces
 41292 | D:9      | Bought a scroll of identify for 28 gold pieces
 41295 | D:9      | Identified the cursed +0 whip "Vuorisij" {slash, +Blink +Fly Str+4} (You found it on level 5 of the Pits of Slime)
 41296 | D:9      | Identified the +6 swamp dragon scales of a treasure trove {+Blink rElec rPois} (Okawaru gifted it to you on level 3 of the Pits of Slime)
 41448 | Temple   | Fell from the grace of Okawaru
 41448 | Temple   | Became a worshipper of the Shining One
 41776 | Depths:1 | Entered Level 1 of the Depths
 41845 | Depths:1 | You fall through a shaft!
 41871 | Depths:2 | HP: 7/162 [fire dragon/blast of flame (49)]
 41892 | Depths:2 | Reached * piety under the Shining One
 42240 | Depths:2 | Reached ** piety under the Shining One
 42552 | Depths:2 | Noticed a golden dragon
 42561 | Depths:2 | Killed a golden dragon
 42597 | Depths:1 | Reached XP level 23. HP: 170/170 MP: 10/30
 42615 | Depths:2 | Found Eliklim's Food Emporium.
 42880 | Depths:1 | Found a gateway to Hell.
 42893 | Depths:1 | Found a one-way gate to the infinite horrors of the Abyss.
 42949 | Depths:1 | Found a one-way gate leading to the halls of Pandemonium.
 43029 | Depths:1 | Reached skill level 15 in Invocations
 43198 | Depths:1 | Reached *** piety under the Shining One
 43210 | Depths:1 | Found a burning altar of Makhleb.
 43260 | Depths:1 | Reached **** piety under the Shining One
 43633 | Depths:1 | Found a burning altar of Makhleb.
 43634 | Depths:1 | Found the cursed +14 obsidian axe {chop, +Fly SInv *Curse}
 43658 | Depths:1 | Paralysed by you for 2 turns
 45122 | Depths:3 | Got a clouded marble ring
 45178 | Depths:3 | Found a gateway to a ziggurat.
 45362 | Depths:2 | Identified the ring of Moodiness {Wiz rF+ rN+ Dex-4 Slay+3} (You acquired it on level 3 of the Depths)
 45598 | Vaults:1 | Entered Level 1 of the Vaults
 46018 | Vaults:1 | Found Vaeb Cea's Distillery.
 46025 | Vaults:1 | Bought a potion of heal wounds for 55 gold pieces
 46109 | Vaults:1 | Cast into level 2 of the Abyss (vault sentinel)
 46129 | Abyss:2  | Found a corrupted altar of Lugonu.
 46152 | Abyss:2  | Reached XP level 24. HP: 178/178 MP: 10/31
 46199 | Abyss:2  | Found an iron altar of Okawaru.
 46290 | Abyss:2  | Reached ***** piety under the Shining One
 46798 | Abyss:4  | Reached XP level 25. HP: 168/184 MP: 10/31
 46824 | Abyss:4  | Gained mutation: You tend to lose your temper in combat. [a neqoxec]
 46826 | Abyss:4  | Gained mutation: Your mind is very acute. (Int +4) [a neqoxec]
 46914 | Abyss:4  | Reached ****** piety under the Shining One
 46929 | Abyss:4  | Identified a +9 morningstar of holy wrath (a +8 morningstar of flaming blessed by the Shining One)
 46929 | Abyss:4  | Received a gift from the Shining One
 47012 | Abyss:5  | Entered Level 5 of the Abyss
 47110 | Abyss:5  | Gained mutation: Potions are less effective at restoring your health. [a neqoxec]
 47358 | Abyss:5  | Lost mutation: Your mind is very acute. (Int +4) [potion of mutation]
 47358 | Abyss:5  | Lost mutation: You tend to lose your temper in combat. [potion of mutation]
 47358 | Abyss:5  | Gained mutation: You tend to lose your temper in combat. [potion of mutation]
 47358 | Abyss:5  | Gained mutation: You have large cloven feet. [potion of mutation]
 47359 | Abyss:5  | Lost mutation: Your natural rate of healing is unusually fast. [potion of mutation]
 47359 | Abyss:5  | Lost mutation: Your mind is acute. (Int +2) [potion of mutation]
 47359 | Abyss:5  | Lost mutation: You tend to lose your temper in combat. [potion of mutation]
 47359 | Abyss:5  | Lost mutation: You are robust. (+10% HP) [potion of mutation]
 47359 | Abyss:5  | Gained mutation: Your body sometimes deteriorates upon taking damage. [potion of mutation]
 47359 | Abyss:5  | Gained mutation: You are resistant to hostile enchantments. (MR+) [potion of mutation]
 47360 | Abyss:5  | Lost mutation: Your magical capacity is low. (-10% MP) [potion of mutation]
 47360 | Abyss:5  | Lost mutation: You are resistant to hostile enchantments. (MR+) [potion of mutation]
 47360 | Abyss:5  | Gained mutation: Your magical capacity is low. (-10% MP) [potion of mutation]
 47360 | Abyss:5  | Gained mutation: You have a pair of small horns on your head. [potion of mutation]
 47361 | Abyss:5  | Lost mutation: You have large cloven feet. [potion of mutation]
 47361 | Abyss:5  | Lost mutation: Your magical capacity is low. (-10% MP) [potion of mutation]
 47361 | Abyss:5  | Gained mutation: Your spells are a little harder to cast, but a little more powerful. [potion of mutation]
 47361 | Abyss:5  | Lost mutation: Your body sometimes deteriorates upon taking damage. [potion of mutation]
 47361 | Abyss:5  | Gained mutation: You are resistant to hostile enchantments. (MR+) [potion of mutation]
 47427 | Abyss:5  | Paralysed by accursed screaming for 1 turns
 47432 | Abyss:5  | Paralysed by accursed screaming for 2 turns
 47443 | Abyss:5  | Paralysed by accursed screaming for 1 turns
 47514 | Abyss:5  | Found a corrupted altar of Lugonu.
 47574 | Abyss:5  | Got an abyssal rune of Zot
 47594 | Abyss:5  | Found a corrupted altar of Lugonu.
 47602 | Vaults:1 | Escaped the Abyss
 47891 | Vaults:1 | Was forgiven by Okawaru
 49054 | Vaults:2 | Found a staircase to the Crypt.
 49902 | Vaults:3 | Noticed Sojobo
 49930 | Vaults:3 | Killed Sojobo
 49938 | Vaults:3 | Reached XP level 26. HP: 133/175 MP: 31/35
 51000 | Vaults:3 | Got a vibrating graven amulet
 51014 | Vaults:3 | Identified the amulet of the Quahog {Faith +Inv rC+ Stlth+} (You acquired it on level 3 of the Vaults)
 51194 | Vaults:3 | Found Ommidgh Zofi's Food Boutique.
 52190 | Vaults:4 | Noticed Margery
 52196 | Vaults:4 | Killed Margery
 52630 | Vaults:4 | Found Tigoaggu's Weapon Boutique.
 52867 | Vaults:5 | Entered Level 5 of the Vaults
 52949 | Vaults:4 | Reached XP level 27. HP: 172/183 MP: 36/36
 53034 | Vaults:5 | Noticed an ancient lich
 53067 | Vaults:5 | Killed an ancient lich
 54149 | Vaults:5 | Got an encrusted hat
 54153 | Vaults:5 | Identified the Grimoire of Creative Stolen Souls
 54156 | Vaults:5 | Got a silver rune of Zot
 54162 | Vaults:5 | Got a scintillating pewter ring
 54165 | Vaults:5 | Identified the ring of Trepidation {rElec rN+ MR+ Str+3 Dex-3} (You found it on level 5 of the Vaults)
 54167 | Vaults:5 | Identified the +2 hat of the Thinker {*Corrode Str+3 Slay+2 SInv} (You found it on level 5 of the Vaults)
 54558 | Vaults:5 | Got a slimy marble ring
 55000 | Vaults:5 | Identified the ring "Tiqi Gyiw" {rPois rF+ rC+ Dex-4 SInv} (You found it on level 5 of the Vaults)
 55488 | Vaults:5 | Identified the ring "Qiz Simozas" {rPois rF+++ Int-3 Dex-2 Stlth+} (You found it on level 5 of the Vaults)
 55847 | Crypt:1  | Entered Level 1 of the Crypt
 56084 | D:9      | Bought a manual of Dodging for 1214 gold pieces
 57532 | Crypt:3  | Entered Level 3 of the Crypt
 57814 | Crypt:3  | Found a staircase to the Tomb.
 58038 | Crypt:3  | Found a basalt altar of Yredelemnul.
 58183 | Crypt:3  | Identified the +5 plate armour "Xekooregg" {rF+ Regen+ Stlth+} (You found it on level 3 of the Crypt)
 59092 | Depths:3 | Found a shadowy altar of Dithmenos.
 59111 | Depths:3 | Identified the +7 mace "Susowegh" {crush, Int+4 SInv} (You took it off a boggart on level 3 of the Depths)
 59233 | Depths:3 | Identified the +8 hand axe of Uncertain Death {flame, +Fly rPois Int+4 Dex-4} (You found it on level 3 of the Depths)
 59573 | Depths:4 | Noticed a juggernaut
 59969 | Depths:4 | Found Piukly's Changing Room.
 59992 | Depths:4 | Killed a juggernaut
 60192 | Depths:4 | Identified the Guide on Dark Rites and Intoxication
 61067 | Depths:5 | Entered Level 5 of the Depths
 61071 | Depths:5 | Found a gate to the Realm of Zot.
 61692 | Hell     | Entered the Vestibule of Hell
 61692 | Hell     | Noticed Geryon
 61700 | Hell     | Killed Geryon
 61700 | Hell     | Reached skill level 27 in Maces & Flails
 61822 | Hell     | Noticed Murray
 61848 | Hell     | Killed Murray
 61961 | Hell     | Found a gateway to the decaying netherworld of Tartarus.
 61984 | Tar:1    | Entered Level 1 of Tartarus
 63230 | Tar:2    | Reached skill level 10 in Dodging
 67214 | Tar:6    | Noticed an ancient lich
 67219 | Tar:6    | Killed an ancient lich
 67652 | Tar:6    | Reached skill level 27 in Fighting
 67983 | Tar:7    | Entered Level 7 of Tartarus
 68742 | Tar:7    | Noticed Ereshkigal
 68768 | Tar:7    | Killed Ereshkigal
 68818 | Tar:7    | Got a bone rune of Zot
 70128 | Hell     | Found a gateway to the freezing wastes of Cocytus.
 70253 | Hell     | Found a gateway to the ashen valley of Gehenna.
 70332 | Hell     | Found a gateway to the Iron City of Dis.
 70339 | Dis:1    | Entered Level 1 of the Iron City of Dis
 70541 | Dis:1    | Found a huge runed gate.
 70541 | Dis:1    | Found a huge runed gate.
 70541 | Dis:1    | Found a huge runed gate.
 70541 | Dis:1    | Found a huge runed gate.
 70541 | Dis:1    | Found a huge runed gate.
 70541 | Dis:1    | Found a huge runed gate.
 70541 | Dis:1    | Found a huge runed gate.
 70541 | Dis:1    | Found a huge runed gate.
 70541 | Dis:1    | Found a huge runed gate.
 70541 | Dis:1    | Found a huge runed gate.
 70559 | Dis:1    | Found a huge runed gate.
 70559 | Dis:1    | Found a huge runed gate.
 70559 | Dis:1    | Found a huge runed gate.
 70559 | Dis:1    | Found a huge runed gate.
 70559 | Dis:1    | Found a huge runed gate.
 70560 | Dis:1    | Found a huge runed gate.
 70888 | Dis:1    | Reached skill level 15 in Dodging
 70940 | Dis:1    | Found a huge runed gate.
 70940 | Dis:1    | Found a huge runed gate.
 70940 | Dis:1    | Found a huge runed gate.
 70946 | Dis:1    | Found a huge runed gate.
 70946 | Dis:1    | Found a huge runed gate.
 70946 | Dis:1    | Found a huge runed gate.
 70946 | Dis:1    | Found a huge runed gate.
 70946 | Dis:1    | Found a huge runed gate.
 71111 | Dis:1    | Found a huge runed gate.
 71111 | Dis:1    | Found a huge runed gate.
 71112 | Dis:1    | Found a huge runed gate.
 71114 | Dis:1    | Found a huge runed gate.
 71114 | Dis:1    | Found a huge runed gate.
 71115 | Dis:1    | Found a huge runed gate.
 71115 | Dis:1    | Found a huge runed gate.
 71115 | Dis:1    | Found a huge runed gate.
 71116 | Dis:1    | Found a huge runed gate.
 74821 | Dis:7    | Entered Level 7 of the Iron City of Dis
 76030 | Dis:7    | Identified Sif Muna's Collected Works on the Supportive Voyage
 76038 | Dis:7    | Identified the +5 plate armour of Isunk {*Drain Dex+5} (You found it on level 7 of the Iron City of Dis)
 76248 | Dis:7    | Noticed Dispater
 76287 | Dis:7    | Killed Dispater
 76411 | Dis:7    | Got an iron rune of Zot
 76715 | Dis:7    | Got a translucent zirconium amulet
 76766 | Dis:7    | Identified the Reference Book on the Frostbite and the Blaze
 76825 | Dis:7    | Identified the amulet "Sytiar" {Reflect rPois MR- Dex+3 SH+5} (You found it on level 7 of the Iron City of Dis)
 77023 | Geh:1    | Entered Level 1 of Gehenna
 77820 | Geh:7    | Entered Level 7 of Gehenna
 77959 | Geh:7    | Noticed the Serpent of Hell
 77967 | Geh:7    | Killed the Serpent of Hell
 78098 | Geh:7    | Reached skill level 27 in Invocations
 78614 | Geh:7    | Noticed Asmodeus
 78635 | Geh:7    | Killed Asmodeus
 78635 | Geh:7    | Reached skill level 5 in Translocations
 78641 | Geh:7    | Got an obsidian rune of Zot
 78674 | Geh:7    | Gained mutation: You are weak. (Str -2) [mutagenic glow]
 78716 | Geh:7    | Gained mutation: You tend to lose your temper in combat. [mutagenic glow]
 78785 | Coc:1    | Entered Level 1 of Cocytus
 79391 | Coc:6    | Lost mutation: Your spells are a little harder to cast, but a little more powerful. [potion of mutation]
 79391 | Coc:6    | Lost mutation: You have a pair of small horns on your head. [potion of mutation]
 79391 | Coc:6    | Gained mutation: You are occasionally teleported next to monsters. [potion of mutation]
 79391 | Coc:6    | Lost mutation: You tend to lose your temper in combat. [potion of mutation]
 79392 | Coc:6    | Lost mutation: You are partially covered in thin metallic scales. (AC +2) [potion of mutation]
 79392 | Coc:6    | Lost mutation: You are weak. (Str -2) [potion of mutation]
 79392 | Coc:6    | Lost mutation: You are occasionally teleported next to monsters. [potion of mutation]
 79392 | Coc:6    | Lost mutation: Potions are less effective at restoring your health. [potion of mutation]
 79392 | Coc:6    | Gained mutation: You possess an exceptional clarity of mind. [potion of mutation]
 79392 | Coc:6    | Gained mutation: You are clumsy. (Dex -2) [potion of mutation]
 79392 | Coc:6    | Gained mutation: You have large cloven feet. [potion of mutation]
 79572 | Coc:7    | Entered Level 7 of Cocytus
 79916 | Coc:7    | Identified the Handbook of Destructive Creation
 80156 | Coc:7    | Noticed Antaeus
 80182 | Coc:7    | Killed Antaeus
 80194 | Coc:7    | Found the amulet of the Air {Inacc +Fly rElec EV+5 RMsl}
 80200 | Coc:7    | Got an icy rune of Zot
 80427 | Zig:1    | Entered Level 1 of a ziggurat
 80451 | Zig:2    | Entered Level 2 of a ziggurat
 80474 | Zig:3    | Entered Level 3 of a ziggurat
 80505 | Zig:3    | Got an ancient lapis lazuli ring
 80514 | Zig:3    | Identified the ring of Ifyli {*Tele *Contam rC+ Stlth+} (You found it on level 3 of a ziggurat)
 80517 | Zig:4    | Entered Level 4 of a ziggurat
 80560 | Zig:5    | Entered Level 5 of a ziggurat
 80605 | Zig:6    | Entered Level 6 of a ziggurat
 80635 | Zig:6    | Identified the Disquisition on the Rocks and Changing
 80679 | Zig:7    | Entered Level 7 of a ziggurat
 80733 | Zig:7    | Got a slimy graven amulet
 80734 | Zig:7    | Identified the amulet "Pyp Ydd" {Spirit rElec Slay+2 SInv} (You found it on level 7 of a ziggurat)
 80738 | Zig:8    | Entered Level 8 of a ziggurat
 80757 | Zig:8    | Reached skill level 10 in Translocations
 81050 | Zig:8    | Identified Moyrgh's Volume of the Voyage and Moulding
 81054 | Zig:8    | Identified the Incunabulum of Fetching Venom
 81062 | Zig:9    | Entered Level 9 of a ziggurat
 81123 | Zig:9    | Identified Uruph's Tome of Contamination
 81174 | Zig:10   | Entered Level 10 of a ziggurat
 81185 | Zig:10   | Paralysed by accursed screaming for 1 turns
 81191 | Zig:10   | Gained mutation: Scrolls take you a little longer to read. [a shining eye]
 81193 | Zig:10   | Gained mutation: You are somewhat resistant to further mutation. [a shining eye]
 81194 | Zig:10   | Paralysed by accursed screaming for 2 turns
 81374 | Zig:11   | Entered Level 11 of a ziggurat
 81430 | Zig:12   | Entered Level 12 of a ziggurat
 81486 | Zig:12   | Identified the cursed +0 helmet of Duty {rN+ Regen+ SInv} (You found it on level 12 of a ziggurat)
 81499 | Zig:13   | Entered Level 13 of a ziggurat
 81538 | Zig:13   | Reached skill level 27 in Armour
 81557 | Zig:13   | Identified the ring "Ofyud" {Int+3 SInv Stlth-} (You found it on level 13 of a ziggurat)
 81595 | Zig:14   | Entered Level 14 of a ziggurat
 81630 | Zig:14   | Reached skill level 27 in Shields
 81722 | Zig:14   | Got a steaming lead ring
 81725 | Zig:14   | Identified the ring of Uskathria {*Tele Int+4} (You found it on level 14 of a ziggurat)
 81734 | Zig:14   | Identified the Grimoire of Boosting Translocation
 81745 | Zig:15   | Entered Level 15 of a ziggurat
 81893 | Zig:15   | Identified the +0 pair of boots of Orthodoxy {+Blink rF++ rN+ Str-5 Int-5} (You found it on level 15 of a ziggurat)
 81939 | Zig:15   | Identified the +5 scale mail "Isaow" {+Blink +Inv rCorr Dex-2} (You found it on level 15 of a ziggurat)
 81940 | Zig:16   | Entered Level 16 of a ziggurat
 81948 | Zig:16   | Noticed an ancient lich
 81949 | Zig:16   | Noticed an ancient lich
 81950 | Zig:16   | Noticed an ancient lich
 81951 | Zig:16   | Noticed an ancient lich
 81954 | Zig:16   | Killed an ancient lich
 81954 | Zig:16   | Killed an ancient lich
 81960 | Zig:16   | Killed an ancient lich
 81961 | Zig:16   | Killed an ancient lich
 81995 | Zig:16   | Identified the Catalogue of Fetching Weightlessness
 82002 | Zig:16   | Got a vibrating granite ring
 82005 | Zig:16   | Identified the cursed ring "Ruf Lesk" {Str+4 Int-2 Dex+7} (You found it on level 16 of a ziggurat)
 82039 | Zig:16   | Identified the +2 great sword of Loshrywn {holy, rF+ Str+2} (You found it on level 16 of a ziggurat)
 82044 | Zig:17   | Entered Level 17 of a ziggurat
 82144 | Zig:18   | Entered Level 18 of a ziggurat
 82195 | Zig:18   | Paralysed by accursed screaming for 2 turns
 82225 | Zig:18   | Reached skill level 15 in Translocations
 82275 | Zig:18   | Lost mutation: You are resistant to hostile enchantments. (MR+) [potion of mutation]
 82275 | Zig:18   | Lost mutation: You possess an exceptional clarity of mind. [potion of mutation]
 82275 | Zig:18   | Lost mutation: You are clumsy. (Dex -2) [potion of mutation]
 82275 | Zig:18   | Lost mutation: Scrolls take you a little longer to read. [potion of mutation]
 82275 | Zig:18   | Gained mutation: Your spells are a little easier to cast, but a little less powerful. [potion of mutation]
 82275 | Zig:18   | Gained mutation: You have a pair of small antennae on your head. [potion of mutation]
 82275 | Zig:18   | Lost mutation: Your spells are a little easier to cast, but a little less powerful. [potion of mutation]
 82283 | Zig:18   | Got an ancient jade amulet
 82284 | Zig:18   | Identified the amulet of Ficuepp {Gourm rC+ MP+9 Stlth+} (You found it on level 18 of a ziggurat)
 82356 | Zig:19   | Entered Level 19 of a ziggurat
 82376 | Zig:19   | Noticed Suorall the pandemonium lord
 82384 | Zig:19   | Killed Suorall the pandemonium lord
 82399 | Zig:19   | Got a faintly glowing bronze ring
 82400 | Zig:19   | Identified the ring of Diffif {rF+ MR++} (You found it on level 19 of a ziggurat)
 82433 | Zig:19   | Got a faintly glowing copper ring
 82437 | Zig:19   | Identified the ring "Wimn" {rF- rC+++ rN+ Dex-4 Slay+3} (You found it on level 19 of a ziggurat)
 82462 | Pan      | Entered Pandemonium
 82793 | Pan      | Noticed Romoinoi the pandemonium lord
 82798 | Pan      | Killed Romoinoi the pandemonium lord
 83180 | Pan      | Noticed Uhlv's ghost (legendary TrFi)
 83206 | Pan      | Killed Uhlv's ghost
 83345 | Pan      | Entered the realm of Cerebov.
 83659 | Pan      | Noticed Cerebov
 83686 | Pan      | Noticed Mennas
 84028 | Pan      | Killed Mennas
 84088 | Pan      | Killed Cerebov
 84101 | Pan      | Got a fiery rune of Zot
 84276 | Pan      | Entered the realm of Mnoleg.
 84286 | Pan      | Noticed Mnoleg
 84291 | Pan      | Gained mutation: You are frail. (-10% HP) [a neqoxec]
 84300 | Pan      | Gained mutation: You are occasionally teleported next to monsters. [a neqoxec]
 84302 | Pan      | Killed Mnoleg
 84359 | Pan      | Got a glowing rune of Zot
 84396 | Pan      | Identified the -3 pair of gloves "Piagryuc" {+Blink Dex-4 Slay+2 SInv} (You acquired it in Pandemonium)
 84544 | Pan      | Noticed Feire the pandemonium lord
 84558 | Pan      | Killed Feire the pandemonium lord
 84636 | Pan      | Found a white marble altar of Elyvilon.
 85347 | Pan      | Lost mutation: You are occasionally teleported next to monsters. [potion of mutation]
 85347 | Pan      | Lost mutation: You are frail. (-10% HP) [potion of mutation]
 86745 | Pan      | Noticed a seraph
 86763 | Pan      | Killed a seraph
 86768 | Pan      | Got a smoking marble ring
 86774 | Pan      | Found a glowing golden altar of the Shining One.
 86798 | Pan      | Identified the ring of Resumed Hostilities {*Corrode rElec rC+ Int+6 Stlth+} (You took it off a seraph in Pandemonium)
 86800 | Pan      | Got a demonic rune of Zot
 86805 | Pan      | Identified the Handbook of Entrancing Companions
 86815 | Pan      | Identified the cursed +1 long sword "Timepegio" {freeze, +Inv Str+4 Dex-4 Stlth+} (You found it in Pandemonium)
 86817 | Pan      | Identified the +7 glaive of the Saviour {venom, Str+7} (You found it in Pandemonium)
 87293 | Pan      | Gained mutation: You occasionally shout uncontrollably at your foes. [a cacodemon]
 87440 | Pan      | Found an exit through the horrors of the Abyss.
 87564 | Pan      | Found a runed door.
 87569 | Pan      | Found a runed door.
 87570 | Pan      | Found a runed door.
 87572 | Pan      | Noticed Jaofohim the pandemonium lord
 87590 | Pan      | Killed Jaofohim the pandemonium lord
 87601 | Pan      | Found a runed door.
 88048 | Pan      | Found an exit through the horrors of the Abyss.
 88220 | Pan      | Entered the realm of Gloorx Vloq.
 88221 | Pan      | Lost mutation: You are somewhat resistant to further mutation. [potion of mutation]
 88221 | Pan      | Lost mutation: You occasionally shout uncontrollably at your foes. [potion of mutation]
 88221 | Pan      | Lost mutation: You have large cloven feet. [potion of mutation]
 88221 | Pan      | Gained mutation: You are partially covered in slimy green scales. (AC +2) [potion of mutation]
 88221 | Pan      | Gained mutation: Your muscles are strong. (Str +2) [potion of mutation]
 88221 | Pan      | Gained mutation: Your spells are a little harder to cast, but a little more powerful. [potion of mutation]
 88221 | Pan      | Gained mutation: You are partially covered in iridescent scales. (AC +2) [potion of mutation]
 88617 | Pan      | Noticed Gloorx Vloq
 88624 | Pan      | Killed Gloorx Vloq
 88699 | Pan      | Got a dark rune of Zot
 88967 | Pan      | Entered the realm of Lom Lobon.
 88978 | Pan      | Found an exit through the horrors of the Abyss.
 89447 | Pan      | Gained mutation: You do not regenerate when monsters are visible. [the power of Zot]
 89447 | Pan      | Gained mutation: Your body sometimes deteriorates upon taking damage. [the power of Zot]
 89461 | Pan      | Noticed Lom Lobon
 89484 | Pan      | Killed Lom Lobon
 89600 | Pan      | Got a magical rune of Zot
 89689 | Pan      | Lost mutation: Your spells are a little harder to cast, but a little more powerful. [potion of mutation]
 89689 | Pan      | Lost mutation: You are partially covered in slimy green scales. (AC +2) [potion of mutation]
 89689 | Pan      | Lost mutation: Your body sometimes deteriorates upon taking damage. [potion of mutation]
 89689 | Pan      | Gained mutation: Your magical capacity is low. (-10% MP) [potion of mutation]
 89689 | Pan      | Gained mutation: You are partially covered in large bone plates. (SH +4) [potion of mutation]
 89689 | Pan      | Gained mutation: You are mostly covered in large bone plates. (SH +6) [potion of mutation]
 89690 | Pan      | Lost mutation: Your magical capacity is low. (-10% MP) [potion of mutation]
 89690 | Pan      | Lost mutation: You do not regenerate when monsters are visible. [potion of mutation]
 89690 | Pan      | Lost mutation: You are partially covered in iridescent scales. (AC +2) [potion of mutation]
 89690 | Pan      | Lost mutation: You have a pair of small antennae on your head. [potion of mutation]
 89690 | Pan      | Lost mutation: Your muscles are strong. (Str +2) [potion of mutation]
 89690 | Pan      | Gained mutation: You are partially covered in slimy green scales. (AC +2) [potion of mutation]
 89691 | Pan      | Lost mutation: You are mostly covered in large bone plates. (SH +6) [potion of mutation]
 89691 | Pan      | Lost mutation: You are partially covered in slimy green scales. (AC +2) [potion of mutation]
 89691 | Pan      | Lost mutation: You are partially covered in large bone plates. (SH +4) [potion of mutation]
 89691 | Pan      | Gained mutation: You passively map a small area around you. [potion of mutation]
 89691 | Pan      | Gained mutation: You are partially covered in molten scales. (AC +2) [potion of mutation]
 89691 | Pan      | Gained mutation: You tend to lose your temper in combat. [potion of mutation]
 89691 | Pan      | Gained mutation: Your flesh is heat resistant. (rF+) [potion of mutation]
 89693 | Pan      | Lost mutation: You passively map a small area around you. [potion of mutation]
 89693 | Pan      | Lost mutation: You tend to lose your temper in combat. [potion of mutation]
 89693 | Pan      | Lost mutation: Your flesh is heat resistant. (rF+) [potion of mutation]
 89693 | Pan      | Gained mutation: You are partially covered in slimy green scales. (AC +2) [potion of mutation]
 89693 | Pan      | Gained mutation: You are resistant to hostile enchantments. (MR+) [potion of mutation]
 89813 | Pan      | Gained mutation: You tend to lose your temper in combat. [a cacodemon]
 89899 | Pan      | Noticed Gotur the pandemonium lord
 89916 | Pan      | Killed Gotur the pandemonium lord
 89974 | Pan      | Found an exit through the horrors of the Abyss.
 89993 | Pan      | Took an exit into the Abyss.
 89993 | Abyss:1  | Escaped into the Abyss
 90190 | Abyss:1  | Paralysed by accursed screaming for 1 turns
 90224 | Abyss:1  | Gained mutation: You are partially covered in iridescent scales. (AC +2) [a neqoxec]
 90230 | Abyss:1  | Gained mutation: Scrolls take you a little longer to read. [a neqoxec]
 90281 | Depths:3 | Escaped the Abyss
 90283 | Depths:3 | Lost mutation: You tend to lose your temper in combat. [potion of mutation]
 90283 | Depths:3 | Lost mutation: You are partially covered in slimy green scales. (AC +2) [potion of mutation]
 90283 | Depths:3 | Lost mutation: Scrolls take you a little longer to read. [potion of mutation]
 90283 | Depths:3 | Gained mutation: You are weak. (Str -2) [potion of mutation]
 90283 | Depths:3 | Gained mutation: You are partially covered in icy blue scales. (AC +2) [potion of mutation]
 90553 | Tomb:1   | Entered Level 1 of the Tomb of the Ancients
 90835 | Tomb:1   | Noticed an ancient lich
 90842 | Tomb:1   | Killed an ancient lich
 90872 | Tomb:2   | Noticed a greater mummy
 90872 | Tomb:2   | Noticed a greater mummy
 90872 | Tomb:2   | Noticed a greater mummy
 90874 | Tomb:2   | Noticed Mara
 90883 | Tomb:2   | Killed a greater mummy
 90890 | Tomb:2   | Killed a greater mummy
 90890 | Tomb:2   | Killed a greater mummy
 90891 | Tomb:2   | Noticed a greater mummy
 90894 | Tomb:2   | Killed Mara
 90895 | Tomb:2   | Killed a greater mummy
 91020 | Tomb:1   | Noticed a greater mummy
 91020 | Tomb:1   | Noticed a greater mummy
 91021 | Tomb:1   | Noticed a greater mummy
 91023 | Tomb:1   | Noticed a greater mummy
 91023 | Tomb:1   | Noticed a greater mummy
 91024 | Tomb:1   | Noticed a greater mummy
 91027 | Tomb:1   | Killed a greater mummy
 91029 | Tomb:1   | Killed a greater mummy
 91031 | Tomb:1   | Killed a greater mummy
 91035 | Tomb:1   | Killed a greater mummy
 91040 | Tomb:1   | Killed a greater mummy
 91042 | Tomb:1   | Killed a greater mummy
 91402 | Tomb:1   | Noticed a greater mummy
 91410 | Tomb:1   | Killed a greater mummy
 91434 | Tomb:1   | Noticed a greater mummy
 91439 | Tomb:1   | Noticed a greater mummy
 91444 | Tomb:1   | Noticed a greater mummy
 91444 | Tomb:1   | Killed a greater mummy
 91447 | Tomb:1   | Noticed a greater mummy
 91448 | Tomb:1   | Killed a greater mummy
 91452 | Tomb:1   | Noticed a greater mummy
 91455 | Tomb:1   | Killed a greater mummy
 91457 | Tomb:1   | Killed a greater mummy
 91461 | Tomb:1   | Killed a greater mummy
 91478 | Tomb:1   | Noticed a greater mummy
 91483 | Tomb:1   | Killed a greater mummy
 91763 | Tomb:1   | Noticed a greater mummy
 91767 | Tomb:1   | Noticed a greater mummy
 91769 | Tomb:1   | Killed a greater mummy
 91780 | Tomb:1   | Killed a greater mummy
 91853 | Tomb:1   | Noticed a greater mummy
 91864 | Tomb:1   | Killed a greater mummy
 92024 | Tomb:1   | Noticed a greater mummy
 92052 | Tomb:1   | Killed a greater mummy
 92094 | Tomb:1   | Noticed a greater mummy
 92103 | Tomb:1   | Killed a greater mummy
 92105 | Tomb:1   | Noticed a greater mummy
 92118 | Tomb:1   | Killed a greater mummy
 92289 | Tomb:3   | Entered Level 3 of the Tomb of the Ancients
 92312 | Tomb:3   | Found the +8 lance "Wyrmbane" {slay drac, rPois rF+ rC+ AC+3}
 92324 | Tomb:3   | Noticed a greater mummy
 92351 | Tomb:3   | Noticed a greater mummy
 92352 | Tomb:3   | Killed a greater mummy
 92365 | Tomb:3   | Killed a greater mummy
 92377 | Tomb:3   | Noticed a greater mummy
 92400 | Tomb:3   | Killed a greater mummy
 92400 | Tomb:3   | Reached skill level 27 in Dodging
 92460 | Tomb:3   | Noticed a greater mummy
 92471 | Tomb:3   | Killed a greater mummy
 92497 | Tomb:3   | Noticed a greater mummy
 92498 | Tomb:3   | Noticed a greater mummy
 92510 | Tomb:3   | Killed a greater mummy
 92514 | Tomb:3   | Killed a greater mummy
 92517 | Tomb:3   | Noticed a greater mummy
 92522 | Tomb:3   | Killed a greater mummy
 92524 | Tomb:3   | Noticed a greater mummy
 92537 | Tomb:3   | Killed a greater mummy
 92573 | Tomb:3   | Got a scintillating lapis lazuli ring
 92574 | Tomb:3   | Identified the ring "Xilly" {+Blink Dex+6} (You found it on level 3 of the Tomb of the Ancients)
 92577 | Tomb:3   | Got a brightly glowing copper ring
 92578 | Tomb:3   | Identified the ring "Eranieto" {Wiz +Inv rC+ Str-5} (You found it on level 3 of the Tomb of the Ancients)
 92653 | Tomb:3   | Got a golden rune of Zot
 93179 | Zot:1    | Entered Level 1 of the Realm of Zot
 93805 | Zot:5    | Entered Level 5 of the Realm of Zot
 94149 | Zot:5    | Noticed an orb of fire
 94156 | Zot:5    | Gained mutation: Your magical capacity is low. (-10% MP) [an orb of fire]
 94162 | Zot:5    | Killed an orb of fire
 94177 | Zot:5    | Lost mutation: Your magical capacity is low. (-10% MP) [potion of mutation]
 94177 | Zot:5    | Lost mutation: You are partially covered in molten scales. (AC +2) [potion of mutation]
 94177 | Zot:5    | Lost mutation: You are resistant to hostile enchantments. (MR+) [potion of mutation]
 94177 | Zot:5    | Gained mutation: Your body sometimes deteriorates upon taking damage. [potion of mutation]
 94177 | Zot:5    | Gained mutation: You are dopey. (Int -2) [potion of mutation]
 94177 | Zot:5    | Gained mutation: You tend to lose your temper in combat. [potion of mutation]
 94177 | Zot:5    | Gained mutation: Your spells are a little harder to cast, but a little more powerful. [potion of mutation]
 94178 | Zot:5    | Lost mutation: Your spells are a little harder to cast, but a little more powerful. [potion of mutation]
 94178 | Zot:5    | Lost mutation: You are dopey. (Int -2) [potion of mutation]
 94178 | Zot:5    | Lost mutation: You tend to lose your temper in combat. [potion of mutation]
 94178 | Zot:5    | Lost mutation: Your body sometimes deteriorates upon taking damage. [potion of mutation]
 94178 | Zot:5    | Gained mutation: Your flesh is heat resistant. (rF+) [potion of mutation]
 94178 | Zot:5    | Gained mutation: You are partially covered in molten scales. (AC +2) [potion of mutation]
 94193 | Zot:5    | Noticed Thaneod's ghost (legendary GrAE)
 94219 | Zot:5    | Killed Thaneod's ghost
 94408 | Zot:5    | Noticed an ancient lich
 94428 | Zot:5    | Killed an ancient lich
 94436 | Zot:5    | Noticed an ancient lich
 94445 | Zot:5    | Killed an ancient lich
 94463 | Zot:5    | Noticed an orb of fire
 94492 | Zot:5    | Killed an orb of fire
 94515 | Zot:5    | Noticed an orb of fire
 94531 | Zot:5    | Killed an orb of fire
 94540 | Zot:5    | Noticed an orb of fire
 94544 | Zot:5    | Gained mutation: Your magical capacity is low. (-10% MP) [an orb of fire]
 94553 | Zot:5    | Killed an orb of fire
 94602 | Zot:5    | Noticed an orb of fire
 94614 | Zot:5    | Killed an orb of fire
 94646 | Zot:5    | Noticed an ancient lich
 94654 | Zot:5    | Noticed an orb of fire
 94659 | Zot:5    | Gained mutation: You expend magic power (3 MP) to strengthen your wands. [an orb of fire]
 94660 | Zot:5    | Killed an ancient lich
 94661 | Zot:5    | Gained mutation: You are clumsy. (Dex -2) [an orb of fire]
 94662 | Zot:5    | Noticed an orb of fire
 94665 | Zot:5    | Gained mutation: You are very clumsy. (Dex -4) [an orb of fire]
 94673 | Zot:5    | Killed an orb of fire
 94680 | Zot:5    | Killed an orb of fire
 94863 | Zot:5    | Noticed an ancient lich
 94877 | Zot:5    | Killed an ancient lich
 94940 | Zot:5    | Got the Orb of Zot
 94969 | Zot:5    | Noticed Zorol the pandemonium lord
 94979 | Zot:5    | Killed Zorol the pandemonium lord
 95040 | Zot:5    | Noticed an orb of fire
 95051 | Zot:5    | Killed an orb of fire
 95327 | D:15     | Noticed Vaghayhu the pandemonium lord
 95339 | D:15     | Killed Vaghayhu the pandemonium lord
 95688 | D:$      | Escaped with the Orb!

Skill      XL: |  1  2  3  4  5  6  7  8  9 10 11 12 13 14 15 16 17 18 19 20 21 22 23 24 25 26 27 |
---------------+----------------------------------------------------------------------------------+-----
Maces & Flails | 3 4 5 6 7 9 11 13 15 16 17 18 19 20 21 22 23 24 25 27 | 27.0
Evocations     | 1 |  1.0
Fighting       | 4 6 8 10 12 13 14 15 16 17 18 19 20 21 27 | 27.0
Armour         | 4 6 7 8 9 10 11 12 13 14 15 16 17 18 27 | 27.0
Shields        | 4 6 7 8 9 10 11 12 13 14 15 16 17 18 27 | 27.0
Invocations    | 3 5 7 9 10 11 12 13 14 16 17 18 27 | 27.0
Translocations | 2 4 26 | 26.8
Dodging        | 1 3 5 6 7 8 27 | 27.0

Action                   |  1- 3 |  4- 6 |  7- 9 | 10-12 | 13-15 | 16-18 | 19-21 | 22-24 | 25-27 || total
-------------------------+-------+-------+-------+-------+-------+-------+-------+-------+-------++-------
Melee: Flail             |   116 |   189 |   551 |    92 |       |       |       |       |       ||   948
       Mace              |       |       |       |   109 |       |       |       |       |       ||   109
       Morningstar       |       |       |       |   680 |  1159 |  1247 |  1416 |  1470 |  9628 || 15600
       Headbutt          |       |       |       |       |       |       |       |       |  1635 ||  1635
 Cast: Passage of Golubr |       |       |       |       |       |       |       |       |     1 ||     1
Invok: Heroism           |       |       |       |     8 |     9 |    25 |    20 |    17 |       ||    79
       Finesse           |       |       |       |       |       |       |     2 |     2 |       ||     4
       Cleansing Flame   |       |       |       |       |       |       |       |    10 |   368 ||   378
       Divine Shield     |       |       |       |       |       |       |       |     2 |    50 ||    52
       Brand Weapon With |       |       |       |       |       |       |       |       |     1 ||     1
       Summon Divine War |       |       |       |       |       |       |       |       |     2 ||     2
 Abil: Fly               |       |       |       |       |     3 |     1 |     1 |       |     4 ||     9
       Stop Flying       |       |       |       |       |     3 |       |     2 |       |     3 ||     8
       Evoke Blink       |       |       |       |       |       |     1 |       |       |       ||     1
Evoke: Wand              |       |       |       |       |    21 |     3 |    10 |     1 |     5 ||    40
  Use: Scroll            |       |     6 |     9 |    12 |    14 |     6 |    27 |    27 |    89 ||   190
       Potion            |       |     2 |     2 |     5 |     1 |       |     6 |    11 |    45 ||    72
 Stab: Paralysed         |       |       |       |       |       |     1 |     1 |       |       ||     2
       Confused          |       |       |       |       |       |       |     1 |       |       ||     1
  Eat: Ration            |     1 |     1 |     3 |     5 |     9 |     8 |     9 |     8 |    64 ||   108
       Chunk             |       |       |       |     3 |     2 |       |       |     1 |     1 ||     7
Armor: Scale mail        |    64 |    92 |   187 |    89 |       |       |       |       |       ||   432
       Plate armour      |       |       |       |   192 |   639 |   556 |   605 |   420 |       ||  2412
       Robe              |       |       |       |    34 |       |       |       |       |       ||    34
       Crystal plate arm |       |       |       |       |       |       |       |   218 |       ||   218
       Gold dragon scale |       |       |       |       |       |       |       |   551 |  3985 ||  4536
Dodge: Dodged            |    34 |    52 |    94 |   121 |   261 |   212 |   240 |   636 |  2054 ||  3704
Block: Shield            |   107 |   191 |   349 |   640 |  1229 |   459 |   134 |  2172 |  8269 || 13550
       Reflection        |       |     1 |       |    16 |    41 |   157 |    95 |    90 |   242 ||   642
       Large shield      |       |       |       |       |       |  1241 |  1395 |       |  3006 ||  5642
